 Dungeon Crawl Stone Soup version 0.24-a0-484-g962a3eeff7 (webtiles) character file.

Game seed: 4331065877902714674

65 Akello the Twirler (level 3, -2/29 HPs)
             Began as a Demonspawn Gladiator on July 9, 2019.
             Shot with an arrow by a centaur (10 damage)
             ... on level 3 of the Dungeon.
             The game lasted 00:03:24 (2077 turns).

Akello the Twirler (Demonspawn Gladiator)           Turns: 2077, Time: 00:03:24

Health: -2/29      AC:  6    Str: 14    XL:     3   Next: 92%
Magic:  3/3        EV: 12    Int:  9    God:
Gold:   95         SH:  0    Dex: 15    Spells: 2/2 levels left

rFire    . . .     SeeInvis .   a - +0 quarterstaff
rCold    . . .     Gourm    .   (shield currently unavailable)
rNeg     . . .     Faith    .   b - +0 leather armour
rPois    .         Spirit   .   c - +0 helmet
rElec    .         Reflect  .   (no cloak)
rCorr    .         Harm     .   (no gloves)
MR       .....                  (no boots)
Stlth    +.........             (no amulet)
HPRegen  0.09/turn              (no ring)
MPRegen  0.08/turn              (no ring)

@: no status effects
A: hooves 1, thin metallic scales 1
a: no special abilities


You were on level 3 of the Dungeon.
You were not hungry.

You visited 1 branch of the dungeon, and saw 3 of its levels.

You collected 95 gold pieces.

Inventory:

Hand Weapons
 a - a +0 quarterstaff (weapon)
Missiles
 d - 4 throwing nets (quivered)
 h - 7 javelins
Armour
 b - a +0 leather armour (worn)
 c - a +0 helmet (worn)
 i - a +0 shield
Magical Staves
 o - an uncursed staff of death
Scrolls
 e - a scroll of random uselessness {unknown}
 g - 5 scrolls of identify {unknown}
 k - 2 scrolls of teleportation {unknown}
 l - a scroll of blinking {unknown}
 m - a scroll of remove curse {unknown}
 n - 2 scrolls of enchant armour {unknown}
 p - a scroll of amnesia {unknown}
 t - a scroll of immolation {unknown}
Potions
 j - a potion of heal wounds {unknown}
 q - 2 potions of berserk rage {unknown}
 r - a potion of magic {unknown}
 s - a potion of curing {unknown}
Comestibles
 f - 10 rations


   Skills:
 + Level 3.0 Fighting
 + Level 3.4 Staves
 + Level 2.4 Throwing
 - Level 2.6 Dodging


You had 2 spell levels left.
You didn't know any spells.
Your spell library was empty.

Dungeon Overview and Level Annotations

Branches:
Dungeon (3/15)

Altars:


Innate Abilities, Weirdness & Mutations

You have large cloven feet.
You are partially covered in thin metallic scales. (AC +2)


Message History

A centaur is nearby!
A centaur is nearby!
Quiver which item? (- for none, * to show all) (? for menu, Esc to quit)
Quivering
d - 5 throwing nets for throwing.
Unknown command.
The centaur shouts!
The centaur wields a +0 shortbow of velocity.
The centaur shoots an arrow.
The arrow hits you!
* * * LOW HITPOINT WARNING * * *
You see here an arrow.
Throwing (i - inventory. (/) - cycle)
d - 5 throwing nets (quivered)
Press: ? - help, Shift-Dir - straight line, f - centaur
Aim: a centaur, wielding a +0 shortbow of velocity You throw a throwing net.
The throwing net hits the centaur.
The centaur is caught in the net!
The centaur struggles against the net. x2
The centaur struggles against the net.
The net rips apart, and the centaur comes free!
The centaur shoots an arrow.
The arrow completely misses you.
The centaur shoots an arrow.
The arrow hits you!
You die...

.............
................ .#
.................##.##.#
.........#..........#..#
........##..[....##...#
....>....#....>.......#
)...##.#........###...#
....##.##...c.........####
................@.)......#
..................((#.##.
....##.##.....?.......#
....##.#.....>.....#......
..........#.#........#..##
.....#.##.#.#.............
....#..##.#.##.....#.#.=..#
....#^##..#.##.....#.##....
... #. .##.##........ .#..


You could see a centaur.

Vanquished Creatures
  2 adders (D:2)
  2 worms
  A dart slug (D:1)
  A leopard gecko (D:1)
  2 bats (D:2)
  2 giant cockroaches
  8 goblins
  7 hobgoblins
  2 jackals (D:1)
  2 frilled lizards (D:2)
  3 kobolds
  3 rats (D:1)
35 creatures vanquished.

Notes
Turn   | Place    | Note
-------+----------+-------------------------------------------
     0 | D:1      | Akello the Demonspawn Gladiator began the quest for the
                  | Orb.
     0 | D:1      | Reached XP level 1. HP: 16/16 MP: 1/1
   356 | D:1      | Gained mutation: You have large cloven feet. [demonic
                  | ancestry]
   356 | D:1      | Reached XP level 2. HP: 23/23 MP: 2/2
   947 | D:2      | Gained mutation: You are partially covered in thin metallic
                  | scales. (AC +2) [demonic ancestry]
   947 | D:2      | Reached XP level 3. HP: 24/28 MP: 3/3
  2073 | D:3      | Noticed a centaur
  2077 | D:3      | Shot with an arrow by a centaur

Levels and vault maps discovered:
D:1:      kilobyte_arrival_exit_the_forest, layout_basic, minmay_fountain_box,
          hangedman_glass_teeth, minmay_pentomino_v2
D:2:      layout_basic, first_ration, minmay_misc_feat_diagonals
D:3:      layout_rooms, nicolae_tso_carved_into_rock

Skill      XL: |  1  2  3 |
---------------+----------+-----
Staves         | 3 |  3.4
Throwing       | 2 |  2.4
Fighting       | 3 |  3.0
Dodging        | |  2.6

Action                   || total
-------------------------++-------
Melee: Quarterstaff      ||    83
       Kick              ||    14
Throw: Throwing net      ||     1
  Eat: Ration            ||     1
       Chunk             ||     1
Armor: Leather armour    ||    28
Dodge: Dodged            ||    40

Table legend:
 A = Non-vault XP
 B = Vault XP
 C = Vault XP percentage of total XP
 D = Non-vault monster count
 E = Vault monster count
 F = Vault count percentage of total count
                 A         B        C        D         E       F
            +---------+---------+-------+---------+---------+-------
      Total |      92 |       1 |   1.1 |      34 |       1 |   2.9
            +---------+---------+-------+---------+---------+-------
        D:1 |      30 |       1 |   3.2 |      16 |       1 |   5.9
        D:2 |      53 |       0 |   0.0 |      15 |       0 |   0.0
        D:3 |       9 |       0 |   0.0 |       3 |       0 |   0.0
            +---------+---------+-------+---------+---------+-------
